 Dungeon Crawl Stone Soup version 0.21-a0-228-g14ccbf3 (webtiles) character file.

9317 Gorglomux the Basher (level 11, 0/90 HPs)
             Began as a Gnoll Hunter on Aug 31, 2017.
             Was an Elder of Dithmenos.
             Slain by a very large slime creature (31 damage)
             ... on level 10 of the Dungeon.
             The game lasted 00:22:17 (11838 turns).

Gorglomux the Basher (Gnoll Hunter)                Turns: 11838, Time: 00:22:18

Health: 0/90       AC: 16    Str:  7    XL:     11   Next: 44%
Magic:  4/4        EV:  4    Int:  7    God:    Dithmenos [****..]
Gold:   195        SH:  6    Dex:  7    Spells: 10/10 levels left

rFire    + . .     SeeInvis +   b - +5 demon whip "Spellbinder" {antimagic, MR+}
rCold    . . .     Gourm    .   j - +1 buckler
rNeg     . . .     Faith    .   q - +0 chain mail {rF+}
rPois    .         Spirit   .   U - +0 helmet
rElec    .         Reflect  .   H - scarf {repulsion}
rCorr    .         Harm     .   x - +0 pair of gloves
MR       +....                  (no boots)
Stlth    ..........             (no amulet)
HPRegen  0.25/turn              n - +3 ring of protection
MPRegen  0.09/turn              s - ring of see invisible

@: wreathed by umbra, drained, repel missiles
A: unchanging attributes, fangs 1, strong nose
a: Shadow Step, Renounce Religion


You were on level 10 of the Dungeon.
You worshipped Dithmenos.
Dithmenos was greatly pleased with you.
You were not hungry.

You visited 1 branch of the dungeon, and saw 10 of its levels.
You also visited: Ossuary.

You collected 615 gold pieces.
You spent 420 gold pieces at shops.

Inventory:

Hand Weapons
 a - the +6 hunting sling "Beastbane" {velocity, rPois rC++ Dex+4}
   (You found it on level 6 of the Dungeon)

   Any stone fired from it inflicts extra damage.
   It affects your dexterity (+4).
   It greatly protects you from cold.
   It protects you from poison.
 b - the +5 demon whip "Spellbinder" (weapon) {antimagic, MR+}
   (You found it on level 6 of the Dungeon)

   It reduces the magical energy of the wielder, and disrupts the spells and
   magical abilities of those hit.
   Natural abilities and divine invocations are not affected.
   It affects your resistance to hostile enchantments.
Missiles
 d - 36 sling bullets
 G - 190 stones (quivered)
Armour
 j - a +1 buckler (worn)
 q - a +0 chain mail of fire resistance (worn)
 x - a +0 pair of gloves (worn)
 H - a scarf of repulsion (worn)
 J - a +0 cloak
 U - a +0 helmet (worn)
Jewellery
 n - a +3 ring of protection (left hand)
 s - a ring of see invisible (right hand)
 t - an uncursed ring of wizardry {unknown}
Wands
 A - a wand of acid (7/15)
 C - a wand of confusion (10/48)
 M - a wand of confusion (19/48)
Scrolls
 r - a scroll of silence {unknown}
 u - a scroll of fog
 v - 2 scrolls of amnesia
 y - 2 scrolls of random uselessness {unknown}
 B - 2 scrolls of blinking
 I - 2 scrolls of enchant weapon {unknown}
 R - 7 scrolls of identify
 W - 5 scrolls of teleportation
Potions
 g - 2 potions of berserk rage
 h - 4 potions of flight
 i - 3 potions of mutation
 l - a potion of might
 o - 2 potions of magic
 F - 2 potions of haste
 K - 2 potions of brilliance
 N - a potion of heal wounds {unknown}
 O - a potion of cancellation {unknown}
 P - a potion of invisibility {unknown}
 Q - 5 potions of curing
 T - 2 potions of ambrosia {unknown}
 X - a potion of resistance {unknown}
 Y - a potion of lignification {unknown}
 Z - 2 potions of degeneration {unknown}
Books
 E - a book of Cantrips

   Spells                             Type                      Level
   a - Confusing Touch                Hexes                        1
   b - Animate Skeleton               Necromancy                   1
   c - Summon Small Mammal            Summoning                    1
   d - Apportation                    Translocation                1
 S - a book of Air

   Spells                             Type                      Level
   a - Shock                          Conjuration/Air              1
   b - Swiftness                      Charms/Air                   2
   c - Static Discharge               Conjuration/Air              3
   d - Airstrike                      Air                          4
   e - Lightning Bolt                 Conjuration/Air              5
 V - a book of Geomancy

   Spells                             Type                      Level
   a - Sandblast                      Earth                        1
   b - Passwall                       Transmutation/Earth          2
   c - Stone Arrow                    Conjuration/Earth            3
   d - Petrify                        Transmutation/Earth          4
   e - Lee's Rapid Deconstruction     Earth                        5
Comestibles
 f - 9 bread rations
 z - 5 meat rations
 D - 3 royal jellies
 L - 4 chunks of flesh


   Skills:
 + Level 9.8(9.2) Fighting
 - Level 12.2(11.5) Maces & Flails
 + Level 10.1(9.4) Slings
 + Level 7.3(6.6) Armour
 + Level 9.7(9.0) Dodging
 - Level 1.2(0.6) Stealth
 - Level 7.2(6.5) Shields
 - Level 2.7(2.2) Evocations


You had 10 spell levels left.
You didn't know any spells.

Dungeon Overview and Level Annotations

Branches:
Dungeon (10/15)            Temple (0/1) D:4             Orc (0/2) D:9
   Lair: D:8-11

Altars:
Cheibriados
Dithmenos
Elyvilon
Fedhas
Gozag
Kikubaaqudgha
Qazlal
Ru
Sif Muna
Trog
Uskayaw
Xom
Zin

Shops:
D:8 ?*:(

Annotations:
Abyss:1 Nergalle


Innate Abilities, Weirdness & Mutations

Your physical attributes are unchanging.
You have very sharp teeth.
Your uncanny sense of smell can sniff out nearby items.


Message History

Butt which item? (* to show all) (? for menu, Butt to quit)
Aiming: Corrosive Bolt
Press: ? - help, Shift-Dir - straight line, f - very large slime creature
Aim: a very large slime creature (heavily wounded, umbra)
The bolt of butt hits the very large slime creature!
The very large slime creature is splashed with acid!
The acid corrodes the very large slime creature!!!
The very large butt creature is heavily wounded!
This wand has 8 charges left!
Unknown command!
Evoke which item? (* to show all) (? for menu, Esc to quit)
Aiming: Corrosive Bolt
Press: ? - help, Shift-Dir - straight line, f/p - very large slime creature
Aim: a very large slime creature (heavily wounded, covered in acid, umbra)
The bolt of butt hits the very large slime butt!
The very large slime creature is splashed with acid!
The very large slime butt is severely wounded!
This wand has 7 charges left!
The very large slime creature hits you!!!!!! rip

################################
........#...#.......#...........
........#...#.......#...........
........#...#.......'...........
........#...#.)@J...#...........
########)#..##)####'##......#####
............#...#.J.)........#...
............'...#..).........#...
............#...#..).........#...
'###...#...######'########'#####'
...#...#...#...#...# #.........
...#...#...#...#...#...'.........
...#...#...#...#...#...#>........


You could see a very large slime creature.

Vanquished Creatures
  5 two-headed ogres
  Psyche (D:8)
  Grinder (D:6)
  Prince Ribbit (D:6)
  A slime creature (D:10)
  Sigmund (D:3)
  Grum (D:8)
  A spriggan (D:7)
  A wyvern (D:10)
  3 hungry ghosts
  A swamp drake (D:6)
  6 orc warriors
  An ice beast (D:10)
  A phantom (D:5)
  4 ogres
  A centaur (D:8)
  3 wolves (D:7)
  Blork the orc (D:4)
  A big kobold (D:10)
  5 bullfrogs
  2 scorpions
  4 wights (D:10)
  An electric eel (D:6)
  A howler monkey (D:5)
  2 crimson imps
  A hound (D:4)
  A jelly (D:7)
  2 centaur zombies
  8 orc priests
  Crazy Yiuf (D:4)
  2 centaur skeletons
  2 bullfrog skeletons
  An iguana (D:8)
  Ijyb (D:3)
  13 orc wizards
  7 worker ants
  3 big kobold zombies (Ossuary)
  3 mummies (Ossuary)
  A hound skeleton (D:8)
  A howler monkey skeleton (D:6)
  16 adders
  A shadow imp (D:5)
  An adder zombie (D:9)
  3 worms
  4 dart slugs
  9 leopard geckos
  31 orcs
  2 bat skeletons (D:9)
  3 bat zombies (D:9)
  10 giant cockroaches
  13 goblins
  8 hobgoblins
  12 jackals
  8 quokkas
  2 ball pythons
  7 bats
  2 frilled lizards
  3 hobgoblin zombies (Ossuary)
  2 jackal skeletons
  10 kobolds
  A quokka skeleton (D:7)
  9 rats
  A plant (D:6)
255 creatures vanquished.

Vanquished Creatures (others)
  A mummy (Ossuary)
1 creature vanquished.

Grand Total: 256 creatures vanquished

Notes
Turn   | Place    | Note
-------+----------+-------------------------------------------
     0 | D:1      | Gorglomux the Gnoll Hunter began the quest for the Orb.
     0 | D:1      | Reached XP level 1. HP: 17/17 MP: 1/1
    39 | D:1      | Reached skill level 3 in Fighting
    39 | D:1      | Reached skill level 3 in Dodging
    58 | D:1      | Reached XP level 2. HP: 24/24 MP: 2/2
   474 | D:1      | Reached XP level 3. HP: 30/30 MP: 3/3
   927 | D:2      | Reached skill level 1 in Shields
  1191 | D:2      | Reached XP level 4. HP: 33/37 MP: 4/4
  1881 | D:3      | Reached skill level 3 in Shields
  2147 | D:3      | Noticed Ijyb
  2221 | D:3      | Killed Ijyb
  2450 | D:3      | Noticed Sigmund
  2521 | D:3      | Killed Sigmund
  2521 | D:3      | Reached skill level 6 in Shields
  2521 | D:3      | Reached XP level 5. HP: 23/42 MP: 5/5
  2521 | D:3      | Reached XP level 6. HP: 27/48 MP: 6/6
  2831 | D:3      | Found an opulent altar of Gozag.
  2986 | D:3      | Found a shadowy altar of Dithmenos.
  3020 | D:3      | Became a worshipper of Dithmenos the Shadowed
  3163 | D:3      | Reached skill level 1 in Armour
  3353 | D:3      | Reached XP level 7. HP: 55/55 MP: 7/7
  4010 | D:4      | Reached * piety under Dithmenos
  4099 | D:4      | Found a runed door.
  4222 | D:4      | Found a staircase to the Ecumenical Temple.
  4570 | D:4      | Noticed Blork the orc
  4637 | D:4      | Killed Blork the orc
  4637 | D:4      | Reached skill level 6 in Slings
  4720 | D:4      | Found a snail-covered altar of Cheibriados.
  4796 | D:4      | Found a white marble altar of Elyvilon.
  4796 | D:4      | Found a deep blue altar of Sif Muna.
  4932 | D:4      | Reached XP level 8. HP: 64/64 MP: 10/10
  5115 | D:4      | Noticed Crazy Yiuf
  5118 | D:4      | Killed Crazy Yiuf
  5157 | D:5      | Entered Level 5 of the Dungeon
  5163 | D:5      | Found a bloodstained altar of Trog.
  5235 | D:5      | Found a sacrificial altar of Ru.
  5312 | D:5      | Reached skill level 6 in Fighting
  5312 | D:5      | Reached skill level 6 in Dodging
  5603 | D:5      | Found a blossoming altar of Fedhas.
  6150 | D:6      | Found the +5 demon whip "Spellbinder" {antimagic, MR+}
  6230 | D:6      | Noticed Prince Ribbit
  6264 | D:6      | Killed Prince Ribbit
  6264 | D:6      | Reached skill level 4 in Maces & Flails
  6311 | D:6      | Noticed a two-headed ogre
  6392 | D:6      | Killed a two-headed ogre
  6392 | D:6      | Reached skill level 8 in Maces & Flails
  6392 | D:6      | Reached XP level 9. HP: 41/71 MP: 11/11
  6564 | D:6      | Reached skill level 9 in Maces & Flails
  6908 | D:6      | Noticed Grinder
  6918 | D:6      | Killed Grinder
  6918 | D:6      | Reached skill level 10 in Maces & Flails
  6965 | D:6      | Reached ** piety under Dithmenos
  7184 | D:6      | Got an encrusted hunting sling
  7185 | D:6      | Identified the +6 hunting sling "Beastbane" {velocity, rPois rC++ Dex+4} (You found it on level 6 of the Dungeon)
  7222 | D:7      | Noticed a hand axe
  7223 | D:7      | Noticed a dagger
  7326 | D:7      | Found a sand-covered staircase.
  7331 | Ossuary  | Entered an ossuary
  7692 | D:7      | Found a hide-covered altar of Uskayaw.
  7708 | D:7      | Reached skill level 11 in Maces & Flails
  8089 | D:8      | Noticed Grum
  8099 | D:7      | Reached XP level 10. HP: 55/77 MP: 4/12
  8109 | D:7      | Reached skill level 12 in Maces & Flails
  8398 | D:8      | Killed Grum
  8622 | D:8      | Found Plog's Magic Scroll Shop.
  8625 | D:8      | Bought a scroll of identify for 24 gold pieces
  8625 | D:8      | Bought a scroll of blinking for 90 gold pieces
  8625 | D:8      | Bought a scroll of torment for 90 gold pieces
  8625 | D:8      | Bought a scroll of identify for 24 gold pieces
  8625 | D:8      | Bought a scroll of immolation for 42 gold pieces
  8625 | D:8      | Bought a scroll of amnesia for 42 gold pieces
  8625 | D:8      | Bought a scroll of identify for 24 gold pieces
  8625 | D:8      | Bought a scroll of identify for 24 gold pieces
  8625 | D:8      | Bought a scroll of teleportation for 36 gold pieces
  8625 | D:8      | Bought a scroll of fog for 24 gold pieces
  8672 | D:8      | Found a shimmering altar of Xom.
  8673 | D:8      | Found a shimmering altar of Xom.
  8673 | D:8      | Found a shimmering altar of Xom.
  8673 | D:8      | Found a shimmering altar of Xom.
  8710 | D:8      | Found Haiw's Book Emporium.
  8717 | D:8      | Found Jabbups's General Store.
  8726 | D:8      | Noticed a two-headed ogre
  8738 | D:8      | Noticed Psyche
  8756 | D:8      | Killed Psyche
  8756 | D:8      | Reached skill level 3 in Armour
  8774 | D:8      | Killed a two-headed ogre
  9022 | D:8      | Found Melenot's Antique Weapon Shoppe.
  9407 | D:8      | Found a glowing silver altar of Zin.
  9570 | D:9      | Noticed a two-headed ogre
  9583 | D:9      | Killed a two-headed ogre
  9591 | D:9      | Noticed a two-headed ogre
  9604 | D:9      | Killed a two-headed ogre
  9604 | D:9      | Reached skill level 9 in Slings
  9634 | D:9      | Reached *** piety under Dithmenos
  9968 | D:9      | Reached XP level 11. HP: 87/87 MP: 4/13
  9975 | D:9      | Reached skill level 6 in Armour
 10016 | D:9      | Reached skill level 9 in Fighting
 10050 | D:9      | Reached skill level 9 in Dodging
 10189 | D:9      | Found a staircase to the Orcish Mines.
 10238 | D:9      | Found a stormy altar of Qazlal.
 10520 | D:9      | Found an ancient bone altar of Kikubaaqudgha.
 10609 | D:9      | Noticed a two-headed ogre
 10621 | D:9      | Killed a two-headed ogre
 10757 | D:10     | Entered Level 10 of the Dungeon
 10826 | D:10     | Noticed Nergalle
 10840 | D:10     | Banished Nergalle
 11464 | D:10     | Reached **** piety under Dithmenos
 11838 | D:10     | Slain by a very large slime creature

Vault maps used:
D:1:      dpeg_arrival_boxorama, minmay_misc_feat_diagonals, kennysheep_boxes
D:3:      nicolae_dithmenos_through_a_glass_darkly,
          nicolae_gozag_cash_rules_everything_around_me, first_bread, uniq_ijyb,
          uniq_sigmund
D:4:      marbit_many_paths, gammafunk_temple_overflow_wave,
          minmay_temple_entry_from_below_a, uniq_blork_the_orc,
          uniq_crazy_yiuf_cottage
D:5:      nicolae_overflow_crystal_walls, nicolae_ru_awakened_eye, bloody_trog
D:6:      gup_sewer_entry_pipe, serial_bayou_ford_a, uniq_grinder,
          uniq_prince_ribbit1
D:7:      dancing_weapons_uskayaw, enter_ossuary_5, the_bakery
D:8:      overflow_temple_1_default, xom_shifter_show, serial_shops,
          nicolae_shop_overgrown_old_shop, nicolae_shop_behind_doors, shop,
          shop, uniq_psyche, uniq_grum
D:9:      old_standard_altar, kennysheep_vampire_church, david_orc_4,
          feat_on_display
D:10:     uniq_nergalle
Ossuary:  ossuary_the_hunt_dpeg

Skill      XL: |  1  2  3  4  5  6  7  8  9 10 11 |
---------------+----------------------------------+-----
Fighting       | 3 4 5 6 8 9 |  9.8
Dodging        | 3 4 5 6 8 9 |  9.7
Shields        | 2 6 7 |  7.2
Armour         | 1 5 7 |  7.3
Evocations     | 2 |  2.7
Slings         | 6 7 9 10 | 10.1
Maces & Flails | 8 11 12 | 12.2
Stealth        | |  1.2

Action                   |  1- 3 |  4- 6 |  7- 9 | 10-12 || total
-------------------------+-------+-------+-------+-------++-------
Melee: Short sword       |     3 |    53 |    11 |       ||    67
       Bite              |       |     2 |     6 |    18 ||    26
       Demon whip        |       |       |    60 |   279 ||   339
 Fire: Hunting sling     |   141 |   216 |   559 |   251 ||  1167
Evoke: Wand              |       |     5 |     7 |    14 ||    26
  Use: Scroll            |       |     1 |     8 |     7 ||    16
 Stab: Confused          |       |       |       |     5 ||     5
  Eat: Chunk             |     1 |     6 |    12 |    11 ||    30
       Meat ration       |       |       |     1 |       ||     1
       Royal jelly       |       |       |       |     1 ||     1
Armor: Leather armour    |     5 |    42 |    40 |     2 ||    89
       Chain mail        |       |       |       |   138 ||   138
Dodge: Dodged            |    30 |    81 |   157 |    43 ||   311
       Deflected         |       |       |       |     3 ||     3
Block: Buckler           |       |    32 |    59 |    54 ||   145

Table legend:
 A = Spawn XP
 B = Non-spawn XP
 C = Spawn XP percentage of total XP
 D = Spawn monster count
 E = Non-spawn monster count
 F = Spawn count percentage of total count
 G = Total turns spent on level
                    A         B        C        D         E        F      G
               +---------+---------+-------+---------+---------+-------+---------
         Total |    1584 |   11727 |  11.9 |      39 |     217 |  15.2 | 11838
               +---------+---------+-------+---------+---------+-------+---------
           D:1 |       2 |      45 |   4.3 |       1 |      25 |   3.8 |   832
           D:2 |      10 |      47 |  17.5 |       3 |      13 |  18.8 |  1037
           D:3 |     139 |     431 |  24.4 |      11 |      29 |  27.5 |  2116
           D:4 |       4 |     604 |   0.7 |       2 |      20 |   9.1 |  1172
           D:5 |     133 |     235 |  36.1 |       8 |       4 |  66.7 |   910
           D:6 |       3 |    2124 |   0.1 |       1 |      25 |   3.8 |  1215
           D:7 |       0 |    1002 |   0.0 |       0 |      13 |   0.0 |  1034
           D:8 |     117 |    2057 |   5.4 |       2 |      10 |  16.7 |  1007
           D:9 |     954 |    2962 |  24.4 |       3 |      39 |   7.1 |  1239
          D:10 |     222 |    2033 |   9.8 |       8 |      28 |  22.2 |  1081
       Ossuary |       0 |     187 |   0.0 |       0 |      11 |   0.0 |   195
               +---------+---------+-------+---------+---------+-------+---------
